 Dungeon Crawl Stone Soup version 0.21-a0-531-gacddea6 (webtiles) character file.

139 slep the Chopper (level 5, -1/40 HPs)
             Began as a Demonspawn Gladiator on Dec 14, 2017.
             Slain by a big kobold
             ... wielding a +0 whip
              (3 damage)
             ... in a sewer.
             The game lasted 00:07:29 (1968 turns).

slep the Chopper (Demonspawn Gladiator)             Turns: 1968, Time: 00:07:31

Health: -1/40      AC:  6    Str: 14    XL:     5   Next: 1%
Magic:  5/5        EV: 13    Int:  9    God:
Gold:   68         SH:  0    Dex: 16    Spells: 4/4 levels left

rFire    . . .     SeeInvis .   a - +0 war axe
rCold    . . .     Gourm    .   (no shield)
rNeg     . . .     Faith    .   b - +0 leather armour
rPois    .         Spirit   .   c - +0 helmet
rElec    .         Reflect  .   (no cloak)
rCorr    .         Harm     +   (no gloves)
MR       .....                  (no boots)
Stlth    +.........             p - amulet of harm
HPRegen  0.13/turn              (no ring)
MPRegen  0.09/turn              (no ring)

@: no status effects
A: claws 1, rugged brown scales 2
a: no special abilities


You were in a sewer.
You were not hungry.

You visited 1 branch of the dungeon, and saw 3 of its levels.
You also visited: Sewer.

You collected 68 gold pieces.

Inventory:

Hand Weapons
 a - a +0 war axe (weapon)
 q - a +2 mace of crushing
Missiles
 d - 3 throwing nets (quivered)
Armour
 b - a +0 leather armour (worn)
 c - a +0 helmet (worn)
Jewellery
 p - an amulet of harm (around neck)
Wands
 o - a wand of polymorph (6)
Scrolls
 e - 2 scrolls of remove curse {unknown}
 g - 2 scrolls of enchant weapon {unknown}
 h - 2 scrolls of blinking {unknown}
 i - 9 scrolls of identify {unknown}
 j - 2 scrolls of teleportation {unknown}
 l - 2 scrolls of amnesia {unknown}
 m - a scroll of fear {unknown}
Potions
 k - a potion of lignification {unknown}
Comestibles
 f - a bread ration
 n - 3 royal jellies
 r - a chunk of flesh


   Skills:
 + Level 2.5 Fighting
 + Level 4.2 Axes
 + Level 1.9 Throwing
 + Level 0.8 Armour
 + Level 3.3 Dodging
 + Level 0.2 Stealth


You had 4 spell levels left.
You didn't know any spells.

Dungeon Overview and Level Annotations

Branches:
Dungeon (3/15)

Altars:
Elyvilon
Trog


Innate Abilities, Weirdness & Mutations

You have sharp fingernails.
You are mostly covered in rugged brown scales. (AC +2, +5% HP)


Message History

The big kobold splashes around in the water.
The kobold hits you. The big kobold closely misses you.
You closely miss the kobold.
The kobold is moderately wounded.
You barely miss the big kobold. The kobold misses you.
The big kobold hits you with a whip!
* * * LOW HITPOINT WARNING * * *
You closely miss the kobold.
The kobold is moderately wounded.
You hit the big kobold but do no damage.
The kobold misses you. The big kobold hits you with a whip.
* * * LOW HITPOINT WARNING * * *
You closely miss the kobold.
The kobold is moderately wounded.
You hit the big kobold. The kobold closely misses you.
The big kobold splashes around in the water.
The kobold hits you.
* * * LOW HITPOINT WARNING * * *
The big kobold hits you with a whip.
You die...

... .. ####.####
#...≈≈..# #≈.≈≈≈≈.#
#.≈≈≈≈≈.# #KK≈≈≈≈.#
#@)≈≈≈≈≈# #.≈≈≈≈≈.#
#..≈≈≈≈.#
################≈≈≈≈≈.≈#
≈≈≈≈≈≈≈≈≈≈≈≈≈≈≈≈≈≈≈≈≈.≈#
################.≈≈≈≈..#
##.≈≈≈.## #.≈≈≈.#
#.≈≈≈.###


You could see a big kobold and a kobold.

Vanquished Creatures
  Robin (D:2)
  2 adders
  A worm (D:2)
  5 dart slugs
  2 orcs (D:3)
  8 giant cockroaches
  14 goblins
  11 hobgoblins
  8 jackals
  17 kobolds
  A quokka (D:2)
  A ball python (D:1)
  7 bats
  2 frilled lizards
  8 rats
88 creatures vanquished.

Notes
Turn   | Place    | Note
-------+----------+-------------------------------------------
     0 | D:1      | slep the Demonspawn Gladiator began the quest for the Orb.
     0 | D:1      | Reached XP level 1. HP: 16/16 MP: 1/1
    52 | D:1      | Gained mutation: You are partially covered in rugged brown scales. (AC +1, +3% HP) [demonic ancestry]
    52 | D:1      | Reached XP level 2. HP: 14/22 MP: 2/2
    59 | D:1      | Reached skill level 3 in Axes
   271 | D:1      | Gained mutation: You have sharp fingernails. [demonic ancestry]
   271 | D:1      | Reached XP level 3. HP: 22/27 MP: 3/3
   776 | D:2      | Noticed Robin
   802 | D:2      | Killed Robin
   802 | D:2      | Reached XP level 4. HP: 23/35 MP: 4/4
  1058 | D:2      | Reached skill level 4 in Axes
  1143 | D:2      | Found a white marble altar of Elyvilon.
  1585 | D:3      | Found a bloodstained altar of Trog.
  1864 | D:3      | Found a glowing drain.
  1889 | Sewer    | Entered a sewer
  1951 | Sewer    | Noticed a big kobold
  1958 | Sewer    | Gained mutation: You are mostly covered in rugged brown scales. (AC +2, +5% HP) [demonic ancestry]
  1958 | Sewer    | Reached XP level 5. HP: 32/40 MP: 5/5
  1968 | Sewer    | HP: 2/40 [kobold (3)]
  1968 | Sewer    | Slain by a big kobold

Vault maps used:
D:1:      minmay_arrival_glassed_features
D:2:      elyvilon_altar_5, uniq_robin
D:3:      chequers_ecumenical_altar_simple_redux, portal_sewer_entry_f,
          bloody_trog
Sewer:    sewer_kobolds

Skill      XL: |  1  2  3  4 |
---------------+-------------+-----
Axes           | 3 4 |  4.2
Dodging        | 3 |  3.3
Fighting       | |  2.5
Throwing       | |  1.9
Armour         | |  0.8
Stealth        | |  0.2

Action                   |  1- 3 |  4- 6 || total
-------------------------+-------+-------++-------
Melee: War axe           |    98 |   126 ||   224
       Unarmed           |     2 |     3 ||     5
 Stab: Sleeping          |       |     2 ||     2
  Eat: Chunk             |       |     4 ||     4
Armor: Leather armour    |    34 |    38 ||    72
       Skin              |    15 |       ||    15
Dodge: Dodged            |    93 |   105 ||   198

Table legend:
 A = Spawn XP
 B = Non-spawn XP
 C = Spawn XP percentage of total XP
 D = Spawn monster count
 E = Non-spawn monster count
 F = Spawn count percentage of total count
 G = Total turns spent on level
                    A         B        C        D         E        F      G
               +---------+---------+-------+---------+---------+-------+---------
         Total |       0 |     199 |   0.0 |       0 |      88 |   0.0 |  1968
               +---------+---------+-------+---------+---------+-------+---------
           D:1 |       0 |      50 |   0.0 |       0 |      27 |   0.0 |   688
           D:2 |       0 |      95 |   0.0 |       0 |      37 |   0.0 |   774
           D:3 |       0 |      43 |   0.0 |       0 |      15 |   0.0 |   427
         Sewer |       0 |      11 |   0.0 |       0 |       9 |   0.0 |    79
               +---------+---------+-------+---------+---------+-------+---------
